 Dungeon Crawl Stone Soup version 0.26-a0-597-gb535b0901c (webtiles) character file.

Game seed: 9292665681386333505

57 Lanoc the Skirmisher (level 3, -3/35 HPs)
             Began as a Palentonga Delver on Sept 10, 2020.
             Shot with an arrow by a centaur (5 damage)
             ... on level 5 of the Dungeon.
             The game lasted 00:01:17 (921 turns).

Lanoc the Skirmisher (Palentonga Delver)             Turns: 921, Time: 00:01:18

Health: -3/35      AC:  4    Str: 15    XL:     3   Next: 73%
Magic:  3/3        EV:  9    Int: 10    God:
Gold:   10         SH:  3    Dex: 12    Spells: 2/2 levels left

rFire    . . .     SeeInvis +   l - +3 short sword
rCold    . . .     Faith    .   i - +0 buckler
rNeg     . . .     Spirit   .   b - +0 leather armour
rPois    .         Reflect  .   (no helmet)
rElec    .         Harm     .   (no cloak)
rCorr    .                      (no gloves)
MR       .....                  (no barding)
Stlth    ++........             (no amulet)
HPRegen  0.11/turn              (no ring)
MPRegen  0.08/turn              (no ring)

@: lethally poisoned (-3 -> -5), hasted, very quick
A: large, rugged brown scales 3, see invisible, deformed body, roll, armoured
tail
a: Rolling Charge


You were on level 5 of the Dungeon.
You visited 1 branch of the dungeon, and saw 1 of its levels.

You collected 10 gold pieces.

Inventory:

Hand Weapons
 l - a +3 short sword (weapon)
Armour
 b - a +0 leather armour (worn)
 i - a +0 buckler (worn)
Wands
 g - a wand of digging (3)
Scrolls
 c - a scroll of fog
 d - a scroll of magic mapping
 j - a scroll of vulnerability {unknown}
 k - a scroll of enchant armour


   Skills:
 + Level 3.7 Fighting
   Level 2.0 Long Blades
 + Level 2.4 Dodging
 - Level 3.3 Stealth
 + Level 1.1 Shields


You had 2 spell levels left.
You didn't know any spells.
Your spell library was empty.

Dungeon Overview and Level Annotations

Branches:
Dungeon (5/15)
 Temple: D:4-7

Altars:
Hepliaklqana
Okawaru


Innate Abilities, Weirdness & Mutations

You are completely covered in rugged brown scales. (AC +3, +7% HP)
You have supernaturally acute eyesight. (SInv)
Armour fits poorly on your strangely shaped body.
You can roll at foes to attack.
You have a long armoured tail.


Message History

You feel sick.
The orc wizard gestures wildly while chanting.
The orc wizard blinks!
You feel sick.
As you read the scroll labeled VORICZ OGARHEU, it crumbles to dust.
It is a scroll of identify.
k - a scroll of enchant armour You feel sick.
As you read the scroll of fear, it crumbles to dust.
You assume a fearsome visage.
The water moccasin looks frightened!
The leopard gecko looks frightened!
The orc looks frightened!
You feel sick.
The centaur wields a +2 shortbow of freezing.
It is covered in frost.
The centaur shoots an arrow.
The arrow closely misses you.
You see here an arrow.
The centaur shoots an arrow.
The arrow hits you!
* * * LOW HITPOINT WARNING * * *
The arrow freezes you.
You die...

#......# #.l# #.........)......
#......# #.###.........#######
#......####o.##.........#####..
#...).Sco..SS...............'..
#......#####c.#.#############..
#......# ##.#.# #.. ###.....
#..(# #.. #...... ##..# #..
#....... #@.# #.. #.......#
##.# #.. #.......# #.# #.. #.#
#.. #.# ### ..# # .. ## .. #.
#....#


You could see a water moccasin, a centaur, an orc wizard (fast) and an adder.

Vanquished Creatures
  An orc wizard (D:5)
  An adder (D:5)
  An ufetubus (D:5)
  An adder zombie (D:5)
  An adder skeleton (D:5)
  A worm (D:5)
  An orc (D:5)
  A giant cockroach (D:5)
  A quokka (D:5)
  A quokka skeleton (D:5)
10 creatures vanquished.

Vanquished Creatures (others)
  A frilled lizard (D:5)
1 creature vanquished.

Grand Total: 11 creatures vanquished

Notes
Turn   | Place    | Note
-------+----------+-------------------------------------------
     0 | D:5      | Lanoc the Palentonga Delver began the quest for the Orb.
     0 | D:5      | Reached XP level 1. HP: 20/20 MP: 1/1
     6 | D:5      | Found a hazy altar of Hepliaklqana.
   289 | D:5      | HP: 1/20 [worm (8)]
   291 | D:5      | Reached XP level 2. HP: 2/27 MP: 2/2
   587 | D:5      | Found an iron altar of Okawaru.
   736 | D:5      | Reached XP level 3. HP: 21/33 MP: 3/3
   896 | D:5      | Noticed a water moccasin
   896 | D:5      | Noticed a centaur
   901 | D:5      | Reached skill level 1 in Shields
   921 | D:5      | Shot with an arrow by a centaur

Illustrated notes

Levels and vault maps discovered:
D:5:      wad_crossroads, layout_basic, lemuel_round_altar,
          kennysheep_mini_moat, elyvilon_altar_4,
          minmay_temple_entry_glassed_door, chequers_jeans

Skill      XL: |  1  2  3 |
---------------+----------+-----
Dodging        | 2 |  2.4
Shields        | 1 |  1.1
Fighting       | |  3.7
Long Blades    | |  2.0
Stealth        | |  3.3

Action                   || total
-------------------------++-------
Melee: Falchion          ||    17
       Tailslap          ||     4
       Short sword       ||    24
 Abil: Rolling Charge    ||     1
  Use: Scroll            ||     2
       Potion            ||     1
 Stab: Sleeping          ||     4
Armor: Leather armour    ||    14
Dodge: Dodged            ||    27
Block: Buckler           ||     3
       Rpst.: Falchion   ||     1

Table legend: (Time is in decaauts)
 A = Elapsed time spent in this place.
 B = Non-inter-level travel time spent in this place.
 C = Inter-level travel time spent in this place.
 D = Time resting spent in this place.
 E = Time spent auto-exploring this place.
 F = Levels seen in this place.
 G = Mean time per level.
                   A        B        C        D        E       F      G
               +--------+--------+--------+--------+--------+-----+--------+
         Total |    920 |    920 |      0 |      0 |    802 |   1 |  920.0 |
       Dungeon |    920 |    920 |      0 |      0 |    802 |   1 |  920.0 |
               +--------+--------+--------+--------+--------+-----+--------+

Top non-repeatable levels by time:
     D:5: 920 daAuts
